 Dungeon Crawl Stone Soup version 0.28.0-47-ge53b351184 (webtiles) character file.

Game seed: 6878017952495191063

37 Keeper01 the Conjurer (level 3, -1/24 HPs)
             Began as a Mummy Conjurer on May 9, 2022.
             Killed from afar by a white imp (5 damage)
             ... with a puff of frost
             ... summoned by Natasha
             ... on level 3 of the Dungeon.
             The game lasted 00:11:08 (1412 turns).

Keeper01 the Conjurer (Mummy Conjurer)              Turns: 1412, Time: 00:11:09

Health: -1/24      AC:  9    Str: 10    XL:     3   Next: 23%
Magic:  4/7        EV: 12    Int: 17    God:
Gold:   48         SH:  0    Dex: 12    Spells: 5/8 levels left

rFire   x . .      SeeInvis .   e - +2 short sword (protect)
rCold   + . .      Faith    .   (no shield)
rNeg    + + +      Spirit   .   a - +0 robe
rPois   ∞          Reflect  .   (no helmet)
rElec   .          Harm     .   (no cloak)
rCorr   .          Rampage  .   (no gloves)
Will    .....                   (no boots)
Stlth   ++........              (no amulet)
HPRegen 0.08/turn               (no ring)
MPRegen 0.10/turn               (no ring)

@: under a protective aura, slowed, very slow
A: cold resistance 1, negative energy resistance 3, torment resistance 2, heat
vulnerability 1, no potions
a: no special abilities


You were on level 3 of the Dungeon.
You visited 1 branch of the dungeon, and saw 3 of its levels.

You collected 48 gold pieces.

Inventory:

Hand Weapons
 b - a +1 whip of venom
 e - a +2 short sword of protection (weapon)
Missiles
 d - 21 stones
Armour
 a - a +0 robe (worn)
Scrolls
 c - 2 scrolls of identify {unknown}


   Skills:
 + Level 0.1 Fighting
 + Level 0.2 Maces & Flails
 + Level 1.6 Dodging
 + Level 1.6 Stealth
 + Level 3.0 Spellcasting
 + Level 4.0 Conjurations


You had 5 spell levels left.
You knew the following spells:

 Your Spells              Type           Power      Damage    Failure   Level
a - Magic Dart            Conj           64%        1d6       3%          1
b - Searing Ray           Conj           32%        2d5       4%          2

Your spell library contained the following spells:

 Spells                   Type           Power      Damage    Failure   Level
 Dazzling Flash           Conj/Hex       18%        N/A       22%         3
 Fulminant Prism          Conj/Hex       4%         3d6       58%         4
 Iskenderun's Mystic Bla  Conj/Tloc      9%         2d4       58%         4


Dungeon Overview and Level Annotations

Branches:
Dungeon (3/15)

Altars:
Makhleb
Okawaru
Vehumet

Annotations:
D:3 Natasha


Innate Abilities, Weirdness & Mutations

You are immune to poison.
Your flesh is cold resistant. (rC+)
You are immune to negative energy. (rN+++)
You are immune to unholy pain and torment.
You are vulnerable to heat. (rF-)
You do not drink.


Message History

Natasha stares at you and mumbles some strange words.
The magic dart hits you. The white imp gestures at you.
The puff of frost misses you. Natasha claws you.
* * * LOW HITPOINT WARNING * * *
The white imp shouts, "Give up, thou wayward crepe-taped clothbag!"
You hit Natasha.
Your weapon exudes an aura of protection.
Natasha is moderately wounded.
Natasha mewls in sadness.
Natasha casts a spell at you. The magic dart hits you.
* * * LOW HITPOINT WARNING * * *
The white imp barely misses you.
Aiming: Searing Ray (safe; 4% risk of failure)
Press: ? - help, Q - select action, (/) - cycle Shift-Dir - straight line, f - Natasha
Aim: Natasha (moderately wounded, spells empowered, 72% to hit)
The searing ray hits Natasha.
Natasha is heavily wounded. (Press . to maintain the ray.) Natasha claws you but does no damage.
The white imp misses you.
The searing ray hits Natasha.
Natasha is almost dead.
Natasha mumbles some strange words.
The white imp hits you but does no damage.
Natasha stares at you and mumbles some strange words.
You feel yourself slow down. The white imp barely misses you.
The crimson imp picks up a beetle and eats it.
You hit the crimson imp.
Your weapon exudes an aura of protection.
The crimson imp is heavily wounded.
Natasha howls an incantation.
Natasha glows brightly for a moment.
Natasha casts a spell at you. The magic dart hits you.
* * * LOW HITPOINT WARNING * * *
The white imp gestures at you. The puff of frost hits you. You resist.
You die...

.#.#.. ... #.#
.#.#... .. #.#
.# ....####.# .#
...(.....#
...###..# #..#
#..# #h5# #5@#
................
###...########..
#... #.. #.. #.
..


You could see Natasha (empowered), a crimson imp (summoned) and a white imp
(summoned).

Vanquished Creatures
  An adder (D:3)
  A worm (D:3)
  4 endoplasms (D:1)
  A giant cockroach (D:1)
  4 goblins
  3 hobgoblins (D:1)
  2 jackals (D:1)
  A ball python (D:3)
  2 frilled lizards (D:1)
  3 kobolds (D:1)
22 creatures vanquished.

Vanquished Creatures (others)
  6 plants
6 creatures vanquished.

Grand Total: 28 creatures vanquished

Notes
Turn   | Place    | Note
-------+----------+-------------------------------------------
     0 | D:1      | Keeper01 the Mummy Conjurer began the quest for the Orb.
     0 | D:1      | Reached XP level 1. HP: 13/13 MP: 4/4
   458 | D:1      | Reached XP level 2. HP: 19/19 MP: 2/5
  1040 | D:3      | Found a burning altar of Makhleb.
  1100 | D:3      | Reached XP level 3. HP: 22/24 MP: 2/7
  1207 | D:3      | Reached skill level 4 in Conjurations
  1248 | D:3      | Learned a level 2 spell: Searing Ray
  1273 | D:3      | Found an iron altar of Okawaru.
  1275 | D:3      | Found a radiant altar of Vehumet.
  1394 | D:3      | Noticed Natasha
  1412 | D:3      | Killed from afar by a white imp

Illustrated notes

Levels and vault maps discovered:
D:1:      evilmike_arrival_plus, layout_basic, kennysheep_pointless_box,
          minmay_misc_feat_plants, minmay_heptomino_w4
D:2:      layout_loops_ring, serial_rivers, chequers_serial_rivers_small_3,
          chequers_serial_rivers_small_a, chequers_serial_rivers_micro_d,
          chequers_serial_rivers_large_a, nicolae_ecumenical_oubliette,
          uniq_jessica
D:3:      layout_basic, nicolae_overflow_hidden_temple, ebering_ghost_sewer_f,
          minmay_shallow_snake_nest, uniq_natasha

Skill      XL: |  1  2  3 |
---------------+----------+-----
Spellcasting   | 3 |  3.0
Conjurations   | 4 |  4.0
Fighting       | |  0.1
Maces & Flails | |  0.2
Dodging        | |  1.6
Stealth        | |  1.6

Action                   || total
-------------------------++-------
Melee: Unarmed           ||     7
       Whip              ||    22
       Short sword       ||    15
 Cast: Magic Dart        ||    34
       Searing Ray       ||     1
Armor: Robe              ||    13
Dodge: Dodged            ||    31
